 Dungeon Crawl Stone Soup version 0.26.1-11-gd32895ea62 (webtiles) character file.

Game seed: 8010697795755456143

47 eagelman13508 the Cudgeller (level 3, 0/54 HPs)
             Began as a Troll Berserker on June 15, 2021.
             Was a Believer of Trog.
             Slain by Robin
             ... wielding a +0 spear
              (2 damage)
             ... on level 2 of the Dungeon.
             The game lasted 00:03:24 (748 turns).

eagelman13508 the Cudgeller (Troll Berserker)        Turns: 748, Time: 00:03:24

Health: 0/54       AC:  6    Str: 26    XL:     3   Next: 48%
Magic:  2/2        EV: 10    Int:  3    God:    Trog [**....]
Gold:   72         SH:  0    Dex:  9    Spells: 2/2 levels left

rFire    . . .     SeeInvis .   a - +0 mace
rCold    . . .     Faith    .   (no shield)
rNeg     . . .     Spirit   .   b - +0 animal skin
rPois    .         Reflect  .   (helmet restricted)
rElec    .         Harm     .   (no cloak)
rCorr    .         Rampage  .   (gloves unavailable)
Will     .....                  (boots unavailable)
Stlth    ..........             (no amulet)
HPRegen  0.58/turn              (no ring)
MPRegen  0.08/turn              (no ring)

@: berserking, very quick
A: large, unfitting armour, claws 3, regeneration 1, shaggy fur 1, tough skin 3
a: Renounce Religion, Berserk, Trog's Hand


You were on level 2 of the Dungeon.
You worshipped Trog.
Trog was pleased with you.
You visited 1 branch of the dungeon, and saw 2 of its levels.

You collected 72 gold pieces.

Inventory:

Hand Weapons
 a - a +0 mace (weapon)
Missiles
 e - 40 stones
 k - 7 atropa-tipped darts
Armour
 b - a +0 animal skin (worn)
Scrolls
 f - 2 scrolls of teleportation {unknown}
 g - 3 scrolls of remove curse {unknown}
 h - a scroll of magic mapping {unknown}
 j - a scroll of identify {unknown}
 l - 2 scrolls of enchant armour {unknown}
Potions
 c - 3 potions of curing {unknown}
 d - 2 potions of heal wounds {unknown}
 i - a potion of ambrosia {unknown}


   Skills:
 + Level 2.9 Fighting
 + Level 3.3 Maces & Flails
 + Level 2.9 Dodging


You had 2 spell levels left.
You didn't know any spells.
Your spell library was empty.

Dungeon Overview and Level Annotations

Branches:
Dungeon (2/15)

Altars:

Annotations:
D:2 Robin


Innate Abilities, Weirdness & Mutations

You are too large for most types of armour.
You have claws for hands.
Your natural rate of healing is unusually fast.
You are covered in fur. (AC +1)
You have extremely tough skin. (AC +3)


Message History

You are too injured to fight recklessly!
You are too injured to fight recklessly!
You are too injured to fight recklessly!
You are too injured to fight recklessly!
You are too injured to fight recklessly!
You closely miss the goblin.
The frilled lizard hisses angrily.
You hear a shout!
The goblin hits you but does no damage. The adder bites you but does no damage.
The goblin hits you with a +3 dagger!
You closely miss the goblin. The goblin misses you.
The goblin hits you but does no damage. The goblin hits you with a +0 dagger!
* * * LOW HITPOINT WARNING * * *
The adder closely misses you.
A goblin comes into view.
The goblin hits you but does no damage. The goblin hits you with a +0 club!
* * * LOW HITPOINT WARNING * * *
You closely miss the goblin. The adder bites you.
* * * LOW HITPOINT WARNING * * *
Robin hits you from afar with a +0 spear.
You die...

#.##### #..#
## #.# #..#
.. #.# #..g
#.#.#####
#..#
#(.......
#lg#
#########
#gB# #Sg#
#g@####...
#ggg......
#..####...
#### #<.#
.... #..#
####
#..######...
....
#..........#
####
##.######..#
# #.# #..# #


You could see Robin, an adder, a giant cockroach, 7 goblins and a frilled
lizard.

Vanquished Creatures
  4 dart slugs (D:1)
  6 bats
  A giant cockroach (D:1)
  8 goblins
  6 hobgoblins
  5 kobolds (D:1)
  2 frilled lizards (D:1)
  A rat (D:1)
33 creatures vanquished.

Notes
Turn   | Place    | Note
-------+----------+-------------------------------------------
     0 | D:1      | eagelman13508 the Troll Berserker began the quest for the
                  | Orb.
     0 | D:1      | Reached XP level 1. HP: 22/22 MP: 0/0
    87 | D:1      | Reached XP level 2. HP: 29/29 MP: 1/1
   147 | D:1      | Reached skill level 3 in Maces & Flails
   197 | D:1      | Reached ** piety under Trog
   369 | D:1      | Reached XP level 3. HP: 36/36 MP: 2/2
   737 | D:2      | Noticed Robin
   748 | D:2      | HP: 2/54 [adder (2)]
   748 | D:2      | Slain by Robin

Illustrated notes

Levels and vault maps discovered:
D:1:      ncdulo_smallfort, layout_basic
D:2:      layout_loops_ring, uniq_natasha, uniq_robin, uniq_crazy_yiuf_cottage

Skill      XL: |  1  2 |
---------------+-------+-----
Maces & Flails | 3 |  3.3
Fighting       | |  2.9
Dodging        | |  2.9

Action                   || total
-------------------------++-------
Melee: Mace              ||    93
Invok: Berserk           ||     1
Armor: Animal skin       ||    56
Dodge: Dodged            ||    85
